 Dungeon Crawl Stone Soup version 0.19-a0-712-g899c6ed (webtiles) character file.

3313 TheGoonsmith the Zephyrmancer (level 10, -11/50 HPs)
             Began as a Tengu Air Elementalist on June 19, 2016.
             Mangled by an orc warrior
             ... wielding a +0 halberd
              (16 damage)
             ... on level 7 of the Dungeon.
             The game lasted 00:19:33 (9571 turns).

TheGoonsmith the Zephyrmancer (TeAE)                Turns: 9571, Time: 00:19:33

Health: -11/50     AC:  3    Str:  8    XL:     10   Next: 1%
Magic:  14/22      EV: 12    Int: 20    God:
Gold:   166        SH:  0    Dex: 14    Spells: 5 memorised, 11 levels left

rFire  . . .     SeeInvis .     v - +3 mace (drain)
rCold  . . .     Gourm    .     a - +1 robe
rNeg   . . .     Faith    .     (no shield)
rPois  .         Spirit   .     (helmet restricted)
rElec  .         Dismiss  .     (no cloak)
rCorr  .         Reflect  .     (no gloves)
SustAt .         Harm     .     (boots unavailable)
MR     .....                    (no amulet)
Stlth  ++........               (no ring)
                                (no ring)

@: not resistant to hostile enchantments, unstealthy
A: beak, talons 3, able to fly 1
a: Fly


You were on level 7 of the Dungeon.
You were not hungry.

You visited 1 branch of the dungeon, and saw 7 of its levels.
You also visited: Sewer and Ossuary.

You collected 386 gold pieces.
You spent 220 gold pieces at shops.

Inventory:

Hand Weapons
 o - a +0 halberd
 v - a +3 mace of draining (weapon)
Armour
 a - a +1 robe (worn)
Jewellery
 x - a cursed ring of loudness {unknown}
 y - a +3 ring of dexterity {unknown}
 F - an uncursed ring of stealth {unknown}
Scrolls
 f - 3 scrolls of teleportation
 g - a scroll of blinking
 k - a scroll of magic mapping
 n - 2 scrolls of recharging
 p - a scroll of immolation
 q - 2 scrolls of random uselessness
 r - 2 scrolls of identify
 u - 5 scrolls of remove curse
 E - a scroll of noise {unknown}
Potions
 d - a potion of agility
 e - 6 potions of curing
 h - a potion of lignification
 j - a potion of ambrosia
 l - a potion of flight
 s - a potion of mutation
 t - a potion of haste
 z - a potion of magic
 B - 3 potions of heal wounds
 C - 4 potions of might
 D - a potion of invisibility
Books
 b - a book of Air

   Spells                             Type                      Level
   a - Shock                          Conjuration/Air              1
   b - Swiftness                      Charms/Air                   2
   c - Repel Missiles                 Charms/Air                   2
   d - Static Discharge               Conjuration/Air              3
   e - Lightning Bolt                 Conjuration/Air              5
Comestibles
 c - 6 bread rations
 i - 5 meat rations
 m - a slice of pizza
 w - 2 beef jerkies
 A - a royal jelly
 G - 3 fruits


   Skills:
 - Level 2.1 Dodging
 - Level 2.0 Stealth
 + Level 7.5 Spellcasting
 + Level 10.1 Conjurations
 + Level 11.3 Air Magic


You had 11 spell levels left.
You knew the following spells:

 Your Spells              Type           Power        Failure   Level  Hunger
a - Shock                 Conj/Air       ####         1%          1    None
b - Static Discharge      Conj/Air       ######..     1%          3    None
e - Swiftness             Chrm/Air       ####....     1%          2    None
f - Lightning Bolt        Conj/Air       ######....   3%          5    #####..
r - Repel Missiles        Chrm/Air       ####..       1%          2    None


Dungeon Overview and Level Annotations

Branches:
Dungeon (7/15)
 Temple: D:4-7

Altars:
Gozag
Uskayaw

Shops:
D:5 !

Annotations:
D:3 Sigmund


Innate Abilities, Weirdness & Mutations

You have a beak for a mouth.
You have claws for feet.
You can fly.


Message History

The orc warrior is severely wounded.
The orc shouts!
The orc throws a stone.
The stone closely misses you. The orc warrior closely misses you.
An orc and an orc wizard come into view.
The orc wizard points at you and mumbles some strange words.
The puff of flame hits you!
The orc warrior hits you with a halberd!!
Ouch! That really hurt!
* * * LOW HITPOINT WARNING * * *
The orc wizard shouts!
The orc shouts!
Casting: Shock
Confirm with . or Enter, or press ? or * to list all spells.
The orc warrior is struck by lightning.
The orc warrior is almost dead.
The lightning arcs!
You are struck by lightning.
* * * LOW HITPOINT WARNING * * *
The lightning grounds out.
The orc warrior hits you with a halberd!
You die...

##### ..... ....# ......
.. #.### ...#.# ... #.#
..#.# .#.. #.#
..#.#+#o... #'##
#[#..(..#o# ...#
#.#...o....
.†.###########.#....o...
...'...........(@o......
...############.##+#####
#### ....# ......#
#....... #######.. ..#
#+#


You could see an orc warrior, 2 orc wizards and 2 orcs.

Vanquished Creatures
  The ghost of Guenter the Shield-Bearer, a novice FoFi (Ossuary)
  Grinder (D:5)
  The ghost of Magifyre the Caller, an amateur DESu (Sewer)
  A sky beast (D:5)
  3 ice beasts
  2 orc warriors (D:6)
  2 phantoms
  A centaur (D:5)
  2 big kobolds
  4 giant frogs
  A wyvern skeleton (D:6)
  A scorpion (D:5)
  A killer bee (D:6)
  A wight (D:6)
  2 crimson imps (D:6)
  A quasit (Sewer)
  A centaur skeleton (D:6)
  2 human zombies (Ossuary)
  An orc priest (D:6)
  4 hounds
  A jelly (D:7)
  8 orc wizards
  2 iguanas (D:5)
  8 worker ants
  4 big kobold zombies
  A hound zombie (Ossuary)
  4 mummies
  12 adders
  7 shadow imps
  An ufetubus (Sewer)
  2 oozes
  6 adder zombies (Ossuary)
  3 adder skeletons (D:5)
  3 worms (D:6)
  A dart slug (D:1)
  4 giant geckos
  22 orcs
  5 bats
  8 giant cockroaches
  2 gnoll zombies (Ossuary)
  5 goblins
  8 hobgoblins
  3 jackals (D:2)
  24 kobolds
  5 quokkas
  3 ball pythons
  7 giant newts
  4 goblin zombies (Ossuary)
  2 hobgoblin zombies (Ossuary)
  7 jackal zombies (Ossuary)
  4 kobold zombies
  2 orc zombies
  A quokka skeleton (D:4)
  A quokka zombie (Ossuary)
  15 rats
  6 rat zombies (Ossuary)
234 creatures vanquished.

Vanquished Creatures (others)
  2 big kobold zombies (Sewer)
  An ooze (Sewer)
  A bat zombie (Sewer)
  A kobold zombie (Sewer)
5 creatures vanquished.

Grand Total: 239 creatures vanquished

Notes
Turn   | Place    | Note
--------------------------------------------------------------
     0 | D:1      | TheGoonsmith the Tengu Air Elementalist began the quest for the Orb.
     0 | D:1      | Reached XP level 1. HP: 10/10 MP: 4/4
   183 | D:1      | Reached XP level 2. HP: 15/15 MP: 3/6
   667 | D:1      | Reached XP level 3. HP: 19/19 MP: 2/7
   785 | D:1      | Learned a level 3 spell: Static Discharge
  1018 | D:1      | Reached skill level 5 in Air Magic
  1160 | D:2      | Reached XP level 4. HP: 24/24 MP: 2/8
  2345 | D:3      | Found a hide-covered altar of Uskayaw.
  2353 | D:3      | Gained mutation: You can fly. [Tengu growth]
  2353 | D:3      | Reached XP level 5. HP: 28/28 MP: 6/10
  2361 | D:3      | Noticed Sigmund
  2828 | D:4      | Found a sand-covered staircase.
  3089 | Ossuary  | Entered an ossuary
  3106 | Ossuary  | Noticed Guenter's ghost (novice FoFi)
  3712 | Ossuary  | Reached skill level 6 in Air Magic
  3712 | Ossuary  | Reached XP level 6. HP: 26/32 MP: 1/12
  3830 | Ossuary  | Killed Guenter's ghost
  3830 | Ossuary  | Reached skill level 5 in Conjurations
  3830 | Ossuary  | Reached skill level 7 in Air Magic
  3830 | Ossuary  | Reached XP level 7. HP: 12/36 MP: 0/14
  4359 | Ossuary  | Learned a level 5 spell: Lightning Bolt
  4362 | Ossuary  | Learned a level 2 spell: Repel Missiles
  4365 | Ossuary  | Learned a level 2 spell: Swiftness
  5205 | D:5      | Entered Level 5 of the Dungeon
  5326 | D:5      | Reached skill level 8 in Air Magic
  5326 | D:5      | Reached XP level 8. HP: 41/41 MP: 9/16
  5505 | D:5      | Reached skill level 5 in Spellcasting
  5531 | D:5      | Noticed Grinder
  5541 | D:5      | Paralysed by Grinder for 5 turns
  5547 | D:5      | Killed Grinder
  5647 | D:5      | Found Ikiymn's Distillery.
  5674 | D:5      | Bought a potion of heal wounds for 50 gold pieces
  5674 | D:5      | Bought a potion of heal wounds for 50 gold pieces
  5674 | D:5      | Bought a potion of might for 40 gold pieces
  5674 | D:5      | Bought a potion of invisibility for 80 gold pieces
  5865 | D:5      | Reached skill level 9 in Air Magic
  6060 | D:5      | Found an opulent altar of Gozag.
  6568 | D:6      | Reached XP level 9. HP: 45/45 MP: 9/19
  6792 | D:6      | Found a glowing drain.
  6812 | Sewer    | Entered a sewer
  6911 | Sewer    | Noticed Magifyre's ghost (amateur DESu)
  6915 | Sewer    | Killed Magifyre's ghost
  7115 | Sewer    | Reached skill level 10 in Air Magic
  7237 | Sewer    | Found a burning altar of Makhleb.
  9083 | D:6      | Reached skill level 11 in Air Magic
  9161 | D:6      | Reached skill level 10 in Conjurations
  9475 | D:7      | Reached XP level 10. HP: 50/50 MP: 14/22
  9571 | D:7      | Mangled by an orc warrior

Vault maps used:
D:1:      dpeg_arrival_rooms_c
D:3:      eat_drink_and_be_merry_uskayaw, guppyfry_early_lair_pool, uniq_sigmund
D:4:      first_bread, nicolae_ossuary_entry_giza
D:5:      old_standard_altar, serial_shops, shop, serial_bayou_ford_a,
          uniq_grinder
D:6:      kennysheep_windowed_halls, portal_sewer_entry_a, kb_rosetta
D:7:      nicolae_overflow_hidden_temple, overflow_temple_1_default,
          minmay_temple_entry_glass
Sewer:    kennysheep_sewer_church
Ossuary:  minmay_ossuary_two_tombs

Skill      XL: |  1  2  3  4  5  6  7  8  9 |
---------------+----------------------------+-----
Conjurations   | 2 3 4 5 6 8 10 | 10.1
Air Magic      | 5 6 7 8 9 11 | 11.3
Spellcasting   | 3 4 6 7 |  7.5
Dodging        | |  2.1
Stealth        | |  2.0

Action                   |  1- 3 |  4- 6 |  7- 9 | 10-12 || total
-------------------------+-------+-------+-------+-------++-------
Melee: Unarmed           |     7 |       |       |       ||     7
       Kick              |     1 |     4 |     4 |       ||     9
       Halberd           |       |    15 |     9 |       ||    24
       Peck              |       |     3 |     3 |       ||     6
       Mace              |       |       |    19 |       ||    19
 Cast: Shock             |    65 |   149 |   404 |     9 ||   627
       Static Discharge  |       |     9 |    33 |     1 ||    43
       Repel Missiles    |       |       |     1 |       ||     1
       Lightning Bolt    |       |       |     2 |       ||     2
  Use: Potion            |       |     2 |     3 |       ||     5
       Scroll            |       |     6 |    14 |       ||    20
 Stab: Sleeping          |       |     2 |       |       ||     2
  Eat: Chunk             |     2 |     5 |     9 |     1 ||    17
       Bread ration      |       |     1 |     2 |       ||     3
Armor: Robe              |     3 |     7 |    16 |       ||    26
Dodge: Dodged            |    13 |    35 |    61 |     2 ||   111
       Deflected         |       |       |     2 |       ||     2
